 Dungeon Crawl Stone Soup version 0.25.0-37-gb73750e0fb (webtiles) character file.

Game seed: 914451455963360412

11273 Peloso the Carver (level 11, 0/89 (93) HPs)
             Began as a Ghoul Fighter on July 9, 2020.
             Was a High Priest of Okawaru.
             Slain by a hippogriff (6 damage)
             ... on level 10 of the Dungeon.
             The game lasted 00:31:52 (14907 turns).

Peloso the Carver (Ghoul Fighter)                  Turns: 14907, Time: 00:31:52

HP:   0/89 (93)     AC: 18    Str: 22    XL:     11   Next: 75%
MP:   11/11         EV: 14    Int:  9    God:    Okawaru [*****.]
Gold: 306           SH:  0    Dex: 10    Spells: 10/10 levels left

rFire    + . .     SeeInvis .   a - +2 falchion (flame)
rCold    . . .     Gourm    .   c - +0 kite shield
rNeg     + + +     Faith    .   D - +4 scale mail of Red the Good {MR+ rCorr}
rPois    ∞         Spirit   .   x - +0 helmet
rElec    .         Reflect  .   A - +2 cloak {Stlth+}
rCorr    +         Harm     .   (no gloves)
MR       +....                  (no boots)
Stlth    ..........             (no amulet)
HPRegen  0.00/turn              o - +6 ring of intelligence
MPRegen  0.12/turn              G - ring of fire

@: confused, heroism, rotting
A: rotting body, claws 1, carnivore, cold resistance 1, negative energy
resistance 3, inhibited regeneration, torment resistance, unbreathing
a: Heroism, Finesse, Renounce Religion


You were on level 10 of the Dungeon.
You worshipped Okawaru.
Okawaru was extremely pleased with you.
You were very hungry.

You visited 2 branches of the dungeon, and saw 11 of its levels.

You collected 507 gold pieces.
You spent 201 gold pieces at shops.

Inventory:

Hand Weapons
 a - a +2 falchion of flaming (weapon)
 b - the +6 dagger of Adwuh {freeze, +Inv rPois}
   (You found it on level 10 of the Dungeon)

   It has been specially enchanted to freeze those struck by it, causing extra
   injury to most foes and up to half again as much damage against particularly
   susceptible opponents.
   It can also slow down cold-blooded creatures.
   It protects you from poison.
   It lets you turn invisible.
Missiles
 g - 47 bolts
Armour
 c - a +0 kite shield (worn)
 q - a +1 chain mail
 x - a +0 helmet (worn)
 y - a +0 plate armour
 A - a +2 cloak of stealth (worn)
 D - the +4 scale mail of Red the Good (worn) {MR+ rCorr}
   (You found it on level 7 of the Dungeon)

   It affects your resistance to hostile enchantments.
   It provides partial protection from all sources of acid and corrosion.
 I - a scarf of invisibility
Jewellery
 o - a +6 ring of intelligence (left claw)
 p - an uncursed ring of ice
 F - a +6 ring of intelligence
 G - a ring of fire (right claw)
 K - an uncursed ring of ice
Wands
 d - a wand of random effects (34)
 u - a wand of flame (4)
 E - a wand of acid (5)
 H - a wand of enslavement (10)
 J - a wand of disintegration (7)
Scrolls
 h - 2 scrolls of enchant armour
 i - 4 scrolls of remove curse
 j - a scroll of blinking
 k - a scroll of fog
 m - 3 scrolls of teleportation
 n - 4 scrolls of amnesia
 s - a scroll of immolation {unknown}
 w - 2 scrolls of magic mapping
Potions
 e - 2 potions of flight
 l - 2 potions of brilliance
 t - 4 potions of mutation
 v - 2 potions of curing
 z - a potion of cancellation
 B - a potion of haste
Comestibles
 f - 9 rations


   Skills:
 + Level 7.7(12.7) Fighting
 + Level 9.7(14.7) Long Blades
 + Level 8.0(13.0) Armour
 + Level 4.4(9.4) Dodging
 + Level 3.1(8.1) Stealth
 + Level 8.8(13.8) Shields
 + Level 0.4 Invocations
 + Level 1.8 Evocations


You had 10 spell levels left.
You didn't know any spells.
Your spell library contained the following spells:

 Spells                   Type           Power        Failure   Level  Hunger
 Corona                   Hex            #......      69%         1    ##.....
 Ensorcelled Hibernation  Hex/Ice        #.....       83%         2    ###....
 Confusing Touch          Hex            #.......     96%         3    ####...
 Dazzling Flash           Conj/Hex       #.....       96%         3    ####...
 Tukima's Dance           Hex            #.......     96%         3    ####...


Dungeon Overview and Level Annotations

Branches:
Dungeon (10/15)            Temple (1/1) D:6
   Lair: D:8-11         Orc: D:9-12

Altars:
Ashenzari
Cheibriados
Dithmenos
Elyvilon
Makhleb
Okawaru
Sif Muna
Yredelemnul
Zin

Shops:
D:5 (*!(*   D:7 =   D:9 *%=

Annotations:
D:9 2 transporters, Grum; wojtek's ghost, novice MiFi


Innate Abilities, Weirdness & Mutations

Your body is rotting away.
You thrive on raw meat.
You are immune to poison.
You have sharp fingernails.
You are carnivorous and can eat meat at any time.
Your flesh is cold resistant. (rC+)
You are immune to negative energy. (rN+++)
You do not regenerate when monsters are visible.
You are immune to unholy pain and torment.
You can survive without breathing.


Message History

You slash the hippogriff! You burn the hippogriff.
The hippogriff is heavily wounded.
The hippogriff bites you but does no damage.
You block the hippogriff's attack.
The hippogriff claws you but does no damage.
Unknown command.
You slash the hippogriff! You burn the hippogriff.
The hippogriff is severely wounded.
Unknown command.
You hit the hippogriff. You burn the hippogriff.
The hippogriff is severely wounded.
The hippogriff barely misses you. The hippogriff pecks you.
* * * LOW HITPOINT WARNING * * *
The hippogriff claws you but does no damage.
Unknown command.
You are confused.
You feel invigorated. The hippogriff bites you.
* * * LOW HITPOINT WARNING * * *
The hippogriff pecks you.
You die...

##........####...#
#................#
.#................#
.............##<..########
............<....(......).
.....:...(..#.....<...####
##........).##.........#
.......)....#.........####
.#.......@..#.........##..
#.......H..).............
..#......(...#.............
......>.)....#.............
...........................
............#..............
........%........###...#...
.?................ ##..#.##
.............##.... ..##=#


You could see a hippogriff.

Vanquished Creatures
  Erolcha (D:10)
  Harold (D:10)
  2 two-headed ogres (D:8)
  Sonja (D:10)
  Pikel (D:4)
  Psyche (D:9)
  2 gargoyles (D:10)
  Prince Ribbit (D:7)
  3 hippogriffs
  3 yaks (D:9)
  A human (D:9)
  Sigmund (D:2)
  A hungry ghost (D:9)
  A vampire mosquito (D:10)
  2 porcupines
  5 orc warriors
  A slave (D:4)
  3 ice beasts
  A phantom (D:4)
  2 wolves (D:9)
  2 necrophages
  3 centaurs
  8 ogres
  Blork the orc (D:4)
  2 bullfrogs (D:8)
  2 big kobolds
  2 wyvern skeletons (D:8)
  A scorpion (D:8)
  A water moccasin skeleton (D:9)
  13 killer bees
  2 electric eels (D:9)
  5 howler monkeys
  3 crimson imps
  2 bullfrog zombies
  8 hounds
  7 jellies
  Crazy Yiuf (D:4)
  5 orc priests
  4 orc wizards
  2 bullfrog skeletons (D:9)
  4 iguanas
  6 worker ants
  A hound skeleton (D:5)
  A worker ant zombie (D:6)
  3 gnolls (D:4)
  10 adders
  4 shadow imps
  2 oozes
  An adder zombie (D:4)
  An adder skeleton (D:9)
  A dart slug (D:2)
  10 leopard geckos
  31 orcs
  8 bats
  8 giant cockroaches
  6 goblins
  12 hobgoblins
  7 jackals
  5 quokkas
  A ball python (D:3)
  3 frilled lizards
  17 kobolds
  A leopard gecko skeleton (D:8)
  A quokka skeleton (D:4)
  5 rats
257 creatures vanquished.

Vanquished Creatures (others)
  3 fungi (D:10)
  3 plants
6 creatures vanquished.

Grand Total: 263 creatures vanquished

Notes
Turn   | Place    | Note
-------+----------+-------------------------------------------
     0 | D:1      | Peloso the Ghoul Fighter began the quest for the Orb.
     0 | D:1      | Reached XP level 1. HP: 19/19 MP: 0/0
    42 | D:1      | Reached XP level 2. HP: 19/26 MP: 1/1
   807 | D:2      | Reached XP level 3. HP: 31/31 MP: 2/2
   953 | D:2      | Reached skill level 2 in Long Blades
  1335 | D:2      | Reached XP level 4. HP: 25/39 MP: 3/3
  1568 | D:2      | Noticed Sigmund
  1581 | D:2      | Killed Sigmund
  1581 | D:2      | Reached skill level 3 in Long Blades
  1581 | D:2      | Reached XP level 5. HP: 9/45 MP: 4/4
  2087 | D:3      | Found a faded altar of an unknown god.
  2149 | D:3      | Reached XP level 6. HP: 47/52 MP: 5/5
  3344 | D:4      | Noticed a phantom
  3416 | D:4      | Killed a phantom
  3416 | D:4      | Reached skill level 4 in Long Blades
  3416 | D:4      | Reached XP level 7. HP: 17/60 MP: 6/6
  3704 | D:4      | Reached skill level 1 in Stealth
  3727 | D:4      | Noticed Blork the orc
  3739 | D:4      | Killed Blork the orc
  3749 | D:4      | Got a dazzling ring mail
  3760 | D:4      | Identified the cursed +1 ring mail of the Hunter {MR+} (You
                  | found it on level 4 of the Dungeon)
  4336 | D:4      | Found a runed translucent door.
  4337 | D:4      | Noticed Crazy Yiuf
  4399 | D:4      | Noticed Pikel
  4417 | D:5      | Entered Level 5 of the Dungeon
  4629 | D:5      | Found Poeplel's General Store.
  4629 | D:5      | Found Okkobb's Antique Weapon Shoppe.
  4638 | D:5      | Found a shattered altar of Ashenzari.
  4651 | D:5      | Reached XP level 8. HP: 20/66 MP: 7/7
  4832 | D:5      | Found a snail-covered altar of Cheibriados.
  4832 | D:5      | Found a shadowy altar of Dithmenos.
  4833 | D:5      | Found a burning altar of Makhleb.
  4887 | D:5      | Reached skill level 5 in Armour
  4963 | D:5      | Found Racraf's Antique Weapon Boutique.
  4999 | D:5      | Found Emomoum's Distillery.
  5006 | D:5      | Bought a potion of degeneration for 13 gold pieces
  5006 | D:5      | Bought a potion of curing for 39 gold pieces
  5036 | D:5      | Found Boukhuep's General Store.
  5041 | D:5      | Bought a scroll of teleportation for 33 gold pieces
  5041 | D:5      | Bought a scroll of magic mapping for 38 gold pieces
  5041 | D:5      | Bought a scroll of identify for 22 gold pieces
  5085 | D:5      | Reached skill level 5 in Long Blades
  5085 | D:5      | Reached skill level 1 in Dodging
  5754 | D:5      | Reached skill level 5 in Shields
  6404 | D:4      | Killed Pikel
  6404 | D:4      | Reached skill level 5 in Fighting
  6404 | D:4      | Reached skill level 6 in Long Blades
  6404 | D:4      | Reached XP level 9. HP: 52/74 MP: 8/8
  7046 | D:4      | Killed Crazy Yiuf
  7337 | D:6      | Found a staircase to the Ecumenical Temple.
  7346 | Temple   | Entered the Ecumenical Temple
  7378 | Temple   | Became a worshipper of Warmaster Okawaru
  8202 | D:7      | Found Kammoh's Jewellery Emporium.
  8307 | D:7      | Noticed Prince Ribbit
  8523 | D:7      | Killed Prince Ribbit
  8815 | D:7      | Got a translucent scale mail
  8826 | D:7      | Identified the +4 scale mail of Red the Good {MR+ rCorr}
                  | (You found it on level 7 of the Dungeon)
  9005 | D:8      | Noticed a two-headed ogre
  9009 | D:8      | Killed a two-headed ogre
  9009 | D:8      | Reached * piety under Okawaru
  9009 | D:8      | Reached skill level 7 in Long Blades
  9186 | D:8      | Noticed a two-headed ogre
  9191 | D:8      | Killed a two-headed ogre
  9191 | D:8      | Reached ** piety under Okawaru
  9191 | D:8      | Reached skill level 1 in Evocations
  9191 | D:8      | Reached XP level 10. HP: 84/84 MP: 8/10
  9504 | D:8      | Found a basalt altar of Yredelemnul.
  9719 | D:8      | Reached *** piety under Okawaru
  9719 | D:8      | Reached skill level 8 in Long Blades
 11031 | D:9      | Noticed a moth of wrath
 11032 | D:9      | Noticed wojtek's ghost (novice MiFi)
 11033 | D:9      | Noticed an eight-headed hydra
 11036 | D:9      | Noticed Psyche
 11207 | D:9      | Killed Psyche
 11620 | D:9      | Reached XP level 11. HP: 61/92 MP: 11/11
 11782 | D:9      | Found a transporter.
 11802 | D:9      | Found a transporter.
 11841 | D:9      | Found Wiatulos's General Store.
 11846 | D:9      | Bought a scroll of identify for 28 gold pieces
 11846 | D:9      | Bought a scroll of identify for 28 gold pieces
 11953 | D:9      | Reached skill level 9 in Long Blades
 12052 | D:9      | Found a glowing silver altar of Zin.
 12083 | D:9      | Found Ciuta's Jewellery Boutique.
 12110 | D:9      | Found Vacravap's Food Shoppe.
 12800 | D:9      | Reached **** piety under Okawaru
 13701 | D:10     | Entered Level 10 of the Dungeon
 13701 | D:10     | Noticed Harold
 13726 | D:10     | Killed Harold
 13901 | D:10     | Got a twisted dagger
 13902 | D:10     | Identified the +6 dagger of Adwuh {freeze, +Inv rPois} (You
                  | found it on level 10 of the Dungeon)
 13923 | D:10     | Noticed Grum
 14798 | D:10     | Noticed Sonja
 14825 | D:10     | Killed Sonja
 14861 | D:10     | Noticed Erolcha
 14881 | D:10     | Killed Erolcha
 14881 | D:10     | Reached ***** piety under Okawaru
 14907 | D:10     | Slain by a hippogriff

Illustrated notes

Levels and vault maps discovered:
D:1:      minmay_arrival_three_doors, layout_loops_ring
D:2:      layout_basic, minmay_split_cup_small, uniq_sigmund
D:3:      layout_loops_ring, chequers_ecumenical_altar_island
D:4:      layout_loops_corners, uniq_blork_the_orc, uniq_pikel,
          uniq_crazy_yiuf_cottage
D:5:      layout_loops_cross, grunt_temple_overflow_open, first_ration,
          serial_shops, shop_fountains, shop, shop, shop_statue,
          nicolae_shop_window_shopping
D:6:      layout_cave_pools, minmay_temple_entry_trees
D:7:      layout_rooms, serial_shops, shop, uniq_prince_ribbit1
D:8:      layout_basic, old_standard_altar
D:9:      kennysheep_windowed_halls, layout_loops_ring, lemuel_crystal_altar,
          serial_shops, kennysheep_little_box, kennysheep_mini, shop,
          gammafunk_ghost_berserking_beasts, grunt_pizzeria, chequers_big_river,
          hangedman_decor_growths, uniq_psyche
D:10:     minmay_bloctagon_deflated, layout_rooms, minmay_lair_entry_grove,
          uniq_sonja, uniq_erolcha, uniq_harold, uniq_grum
Temple:   regret_index_temple_sphere_string

Skill      XL: |  1  2  3  4  5  6  7  8  9 10 11 |
---------------+----------------------------------+-----
Armour         | 3 4 6 7 8 |  8.0
Shields        | 3 4 5 6 7 8 |  8.8
Long Blades    | 2 3 4 6 7 8 9 |  9.7
Fighting       | 4 5 6 7 |  7.7
Stealth        | 2 3 |  3.1
Dodging        | 1 2 3 4 |  4.4
Evocations     | 1 |  1.8
Invocations    | |  0.4

Action                   |  1- 3 |  4- 6 |  7- 9 | 10-12 || total
-------------------------+-------+-------+-------+-------++-------
Melee: Long sword        |   145 |   264 |   496 |   546 ||  1451
       Falchion          |       |       |       |   156 ||   156
Invok: Heroism           |       |       |       |    12 ||    12
Evoke: Wand              |       |     2 |    13 |    12 ||    27
  Use: Potion            |       |     4 |     2 |     2 ||     8
       Scroll            |       |     4 |     4 |     9 ||    17
 Stab: Paralysed         |       |       |    13 |       ||    13
  Eat: Chunk             |     1 |     9 |    20 |    16 ||    46
       Ration            |       |       |       |     1 ||     1
Armor: Scale mail        |    33 |       |    21 |   266 ||   320
       Chain mail        |    43 |   127 |   213 |       ||   383
       Plate armour      |       |       |    37 |       ||    37
Dodge: Dodged            |    46 |    56 |    91 |   224 ||   417
Block: Kite shield       |    74 |   145 |   235 |   412 ||   866
       Rpst.: Long sword |    17 |    18 |    32 |    41 ||   108
       Falchion          |       |       |       |    14 ||    14
